 Dungeon Crawl Stone Soup version 0.32-a0-699-g1ee5eff69a (webtiles) character file.

Game seed: 3029440191290143975

5079 jasper the Ducker (level 10, -10/51 HPs)
             Began as a Spriggan Shapeshifter on Mar 13, 2024.
             Was a Believer of Beogh.
             Mangled by a white ugly thing (35 damage)
             ... on level 9 of the Dungeon.
             The game lasted 00:16:00 (9855 turns).

jasper the Ducker (Spriggan Shapeshifter)           Turns: 9855, Time: 00:16:00

Health: -10/51     AC: 11    Str: 16    XL:     10   Next: 31%
Magic:  14/14      EV: 19    Int: 11    God:    Beogh [**....]
Gold:   1095       SH:  4    Dex: 20    Spells: 6/9 levels left

rFire   . .          .
                       - Unarmed
rCold   . . .        B - +0 buckler
rNeg    . . .        y - +4 swamp dragon scales
rPois   +            (helmet currently unavailable)
rElec   .            (cloak currently unavailable)
rCorr   +            (gloves unavailable)
SInv    +            (boots unavailable)
Will    +....        (no amulet)
Stlth   ++           u - +6 ring of strength
HPRegen 0.28/turn    v - ring of resist corrosion
MPRegen 0.14/turn

%: no passive effects
@: beast-form, very quick
A: beast (slay +4), very small, no large weapons, unfitting armour, see
invisible, speed 3
a: Begin Untransformation, Renounce Religion, Smiting


You were on level 9 of the Dungeon.
You worshipped Beogh.
Beogh was pleased with you.
You were a hulking beast.
You visited 1 branch of the dungeon, and saw 9 of its levels.

You collected 1095 gold pieces.

Inventory:

Hand Weapons
 g - a +0 short sword of venom
Missiles
 j - 82 stones
 k - 6 curare-tipped darts
 m - 7 boomerangs
 n - 15 poisoned darts
Armour
 a - a +0 animal skin
 y - +4 swamp dragon scales (worn)
 B - a +0 buckler (worn)
 H - a +2 cloak
Jewellery
 u - a +6 ring of strength (left hand)
 v - a ring of resist corrosion (right hand)
 G - a ring of wizardry
Talismans
 c - a beast talisman (active)
 d - a flux talisman
Wands
 b - a wand of paralysis (12)
 i - a wand of polymorph (6)
 s - a wand of acid (10)
 A - a wand of iceblast (3)
Scrolls
 e - 2 scrolls of fear
 l - a scroll of vulnerability {unknown}
 q - a scroll of brand weapon {unknown}
 t - 2 scrolls of blinking
 w - 3 scrolls of teleportation
 D - a scroll of identify
 F - a scroll of revelation {unknown}
Potions
 f - 3 potions of enlightenment
 h - 2 potions of magic
 o - a potion of mutation
 p - a potion of haste {unknown}
 r - 2 potions of brilliance {unknown}
 x - a potion of attraction {unknown}
 z - a potion of degeneration {unknown}
 C - a potion of resistance {unknown}
 E - 2 potions of heal wounds {unknown}
 I - a potion of curing


   Skills:
 + Level 4.6 Fighting
 + Level 7.7 Dodging
 - Level 4.1 Stealth
 - Level 0.5 Shields
 * Level 6.6 Unarmed Combat
 - Level 6.3 Ice Magic
 - Level 5.0 Invocations
 - Level 7.0 Shapeshifting


You had 6 spell levels left.
You knew the following spells:

 Your Spells              Type           Power      Damage    Failure   Level
a - Ozocubu's Armour      Ice            14%        N/A       21%         3

Your spell library contained the following spells:

 Spells                   Type           Power      Damage    Failure   Level
 Apportation              Tloc           0%         N/A       67%         1
 Necrotise                Necr           0%         1d4       67%         1
 Slow                     Hex            0%         N/A       67%         1
 Sting                    Conj/Alch      0%         1d3       67%         1
 Summon Small Mammal      Summ           0%         N/A       67%         1
 Blink                    Tloc           0%         N/A       80%         2
 Jinxbite                 Hex            0%         N/A       80%         2
 Lesser Beckoning         Tloc           0%         N/A       80%         2
 Momentum Strike          Conj/Tloc      0%         3d8       80%         2
 Confusing Touch          Hex            0%         N/A       95%         3
 Fugue of the Fallen      Necr           0%         N/A       95%         3
 Sigil of Binding         Hex            0%         N/A       95%         3
 Vampiric Draining        Necr           0%         2d6       95%         3
 Manifold Assault         Tloc           0%         N/A       100%        4
 Alistair's Intoxication  Alch           0%         N/A       100%        5
 Yara's Violent Unravell  Hex/Alch       0%         3d3       100%        5
 Death Channel            Necr           0%         N/A       100%        6
 Sculpt Simulacrum        Ice/Alch       3%         N/A       100%        6
 Enfeeble                 Hex            0%         N/A       100%        7


Dungeon Overview and Level Annotations

Branches:
Dungeon (9/15)             Temple (0/1) D:7
   Lair: D:8-11         Orc: D:9-12

Altars:
Ashenzari
Fedhas
Hepliaklqana
Nemelex Xobeh
Okawaru
Sif Muna

Shops:
D:3 (   D:9 =

Annotations:
D:3 Grinder, Ijyb
D:5 3 runed translucent doors, Oysteroth's ghost, novice OpSh
D:9 4 transporters, exclusion: obsidian statue


Innate Abilities, Weirdness & Mutations

You are a hulking beast.
Your limbs bulge with bestial killing power. (Slay +4)
Your facial features are unmistakably orcish.
You are very small and have problems with some larger weapons.
You are too small for most types of armour.
You have supernaturally acute eyesight. (SInv)
You cover ground extremely quickly. (Speed+++)


Message History

Found Heuqibae's One-of-a-Kind Rings.
There is an entrance to Heuqibae's One-of-a-Kind Rings here.
You can access your shopping list by pressing '$'.
You enter the shallow water.
Moving in this stuff is going to be slow.
You now have 1095 gold pieces (gained 9).
Found an escape hatch in the ceiling.
A centaur comes into view.
A centaur is nearby!
The centaur wields a +0 shortbow.
The centaur shoots an arrow.
The arrow barely misses you.
The centaur unwields a +0 shortbow.
You block the centaur's attack. The centaur closely misses you.
You punch the centaur!
The centaur is heavily wounded.
The centaur hits you but does no damage.
The centaur barely misses you.
You hit the centaur but do no damage.
The centaur is heavily wounded.
You block the centaur's attack. The centaur closely misses you.
You hit the centaur.
The centaur is heavily wounded.
You block the centaur's attack.
The centaur kicks you but does no damage.
The centaur closely misses you. The centaur barely misses you.
You punch the centaur!
You kill the centaur!
Beogh accepts your kill.
You see here a +0 shortbow.
Okay, then.
A white ugly thing comes into view.
Found a stone staircase leading down.
The white ugly thing gurgles horribly!
A white ugly thing is nearby!
The white ugly thing headbutts you. The white ugly thing freezes you!
You take 14 damage, and have 37/51 hp.
MASSIVE DAMAGE!!
You barely miss the white ugly thing. The white ugly thing headbutts you!
The white ugly thing freezes you!!
Ouch! That really hurt!
You die...

...# #..# #..# #..# #..#
#..# #########..#
...........#############
.......h................
######.u#########.###...
#.># ##..##... #..#
#........ #..# #.###....
#..# #.#?#....
##..########.###..).
.......<............
##########..########


You could see a white ugly thing.

Vanquished Creatures
  Amaemon (D:7)
  A cyclops (D:7)
  An orange demon (D:8)
  Sigmund (D:2)
  A wyvern (D:7)
  5 humans (D:6)
  Grum (D:8)
  An acid dragon (D:9)
  2 orc warriors
  A black bear (D:6)
  2 sky beasts
  2 ice beasts (D:5)
  An ogre (D:4)
  A tengu (D:7)
  2 phantoms (D:6)
  2 wolves (D:7)
  A centaur (D:9)
  2 kobold brigands
  A gnoll sergeant (D:8)
  2 scorpions (D:6)
  4 killer bees (D:7)
  A howler monkey (D:7)
  An electric eel (D:9)
  4 hounds
  2 bombardier beetles
  6 jellies
  A gnoll bouda (D:5)
  An orc priest (D:8)
  2 sleepcaps
  7 orc wizards
  7 gnolls
  3 adders
  2 ufetubi (D:6)
  2 dart slugs
  4 ribbon worms
  15 orcs
  8 endoplasms
  3 giant cockroaches
  7 goblins
  6 hobgoblins
  6 jackals (D:4)
  4 quokkas
  8 ball pythons
  5 bats
  7 frilled lizards
  18 kobolds
  3 rats
168 creatures vanquished.

Vanquished Creatures (others)
  An orc wizard (D:8)
  2 orcs
3 creatures vanquished.

Grand Total: 171 creatures vanquished

Notes
Turn   | Place    | Note
-------+----------+-------------------------------------------
     0 | D:1      | jasper the Spriggan Shapeshifter began the quest for the
                  | Orb.
     0 | D:1      | Reached XP level 1. HP: 9/9 MP: 2/2
    74 | D:1      | Reached skill level 1 in Stealth
   246 | D:1      | Reached XP level 2. HP: 11/14 MP: 3/3
   671 | D:1      | Reached XP level 3. HP: 17/17 MP: 4/4
  1184 | D:2      | Noticed Sigmund
  1201 | D:2      | Killed Sigmund
  1202 | D:2      | Reached XP level 4. HP: 7/21 MP: 5/5
  1202 | D:2      | Reached XP level 5. HP: 8/25 MP: 6/6
  1426 | D:2      | Reached skill level 1 in Fighting
  2433 | D:3      | Found Nekan's Weapon Emporium.
  2433 | D:3      | Noticed Grinder
  2666 | D:3      | Noticed Ijyb
  2853 | D:4      | Reached XP level 6. HP: 11/30 MP: 7/7
  3064 | D:4      | Found an iron altar of Okawaru.
  3379 | D:4      | Identified a scroll of acquirement
  3379 | D:4      | Acquired 643 gold pieces
  3640 | D:4      | Became a worshipper of Beogh the Shepherd
  3690 | D:4      | Noticed Pikel
  3691 | D:4      | Pikel changed into Pikel the sky beast
  3691 | D:4      | Noticed Pikel
  3704 | D:4      | Killed Pikel the sky beast
  3705 | D:4      | Reached XP level 7. HP: 20/35 MP: 8/8
  3782 | D:4      | Found a sparkling altar of Nemelex Xobeh.
  3782 | D:4      | Found a hazy altar of Hepliaklqana.
  4043 | D:5      | Entered Level 5 of the Dungeon
  4139 | D:5      | Learned a level 3 spell: Ozocubu's Armour
  4171 | D:5      | Reached skill level 1 in Ice Magic
  4327 | D:5      | Found a broken altar of Ashenzari.
  4425 | D:5      | Found a runed translucent gate.
  4425 | D:5      | Found a runed translucent gate.
  4426 | D:5      | Found a runed translucent gate.
  4432 | D:5      | Noticed Oysteroth's ghost (novice OpSh)
  4458 | D:5      | Found a blossoming altar of Fedhas.
  4593 | D:6      | Noticed a human
  5115 | D:6      | Noticed a human
  5128 | D:6      | Killed a human
  5129 | D:6      | Reached XP level 8. HP: 26/39 MP: 9/9
  5320 | D:6      | Reached skill level 5 in Ice Magic
  5881 | D:6      | Reached * piety under Beogh
  5882 | D:6      | Reached skill level 5 in Dodging
  6072 | D:6      | Reached XP level 9. HP: 33/44 MP: 6/10
  6531 | D:7      | Noticed Maggie
  6678 | D:7      | Maggie changed into Maggie the tengu
  6678 | D:7      | Noticed Maggie
  6692 | D:7      | Killed Maggie the tengu
  6734 | D:7      | Noticed a cyclops
  6763 | D:7      | Killed a cyclops
  6764 | D:7      | Reached skill level 5 in Unarmed Combat
  6955 | D:7      | HP: 1/45 [killer bee (4)]
  7230 | D:7      | Found a staircase to the Ecumenical Temple.
  7884 | D:8      | Noticed Grum
  7888 | D:8      | Noticed Amaemon
  7910 | D:7      | Reached ** piety under Beogh
  7938 | D:7      | Killed Amaemon
  7939 | D:7      | Reached XP level 10. HP: 22/51 MP: 10/13
  8057 | D:8      | Noticed an orange demon
  8456 | D:8      | Killed an orange demon
  8938 | D:8      | Killed Grum
  9015 | D:8      | Reached skill level 5 in Invocations
  9558 | D:9      | Found a transporter.
  9560 | D:9      | Found a transporter.
  9562 | D:9      | Found a transporter.
  9562 | D:9      | Found a transporter.
  9575 | D:9      | Noticed an obsidian statue
  9726 | D:9      | Found a shimmering blue altar of Sif Muna.
  9759 | D:9      | Found Heuqibae's One-of-a-Kind Rings.
  9852 | D:9      | Noticed a white ugly thing
  9855 | D:9      | Mangled by a white ugly thing

Illustrated notes

Levels and vault maps discovered:
D:1:      amcnicky_arrival_abandoned_market, layout_loops_corners,
          nicolae_concentric_dashed_squares_wild
D:2:      layout_loops_corners, grunt_ministairs_3, chequers_big_river,
          uniq_sigmund
D:3:      layout_basic, nicolae_dithmenos_shadow_blocks,
          nicolae_uskayaw_suspiria, gammafunk_ghost_gnarly_gnolls, serial_shops,
          shop, uniq_robin, uniq_grinder, uniq_ijyb
D:4:      cheibrodos_pilgrimage, layout_loops_ring,
          mainiacjoe_overflow_concentric_impassable,
          mainiacjoe_overflow_divided_tiny, uniq_pikel
D:5:      layout_basic, overflow_temple_1_default,
          mainiacjoe_overflow_surrounded_room, ebering_ghost_rock_garden
D:6:      layout_loops_ring, chequers_mini_garden, minivault_23, minmay_ruffians
D:7:      layout_rooms, minmay_temple_entry_antechambers, uniq_maggie
D:8:      layout_layer_cave, uniq_grum, uniq_amaemon
D:9:      layout_long_grid, mainiacjoe_overflow_boulevard, serial_glass,
          glass_columns_a, glass_columns_a, item_on_display_a,
          item_on_display_b, minivault_16, ebering_dispersal_statue_hall,
          minivault_14, chequers_serial_rivers_marsh, minmay_fountain_box,
          nicolae_shop_unique_rings, nicolae_diode_quadrants

Skill      XL: |  1  2  3  4  5  6  7  8  9 10 |
---------------+-------------------------------+-----
Stealth        | 2 4 |  4.1
Shapeshifting  | 6 7 |  7.0
Fighting       | 1 2 3 4 |  4.6
Dodging        | 3 4 5 7 |  7.7
Unarmed Combat | 3 4 6 |  6.6
Ice Magic      | 4 6 |  6.3
Invocations    | 3 5 |  5.0
Shields        | |  0.5

Action                     |  1- 3 |  4- 6 |  7- 9 | 10-12 || total
---------------------------+-------+-------+-------+-------++-------
  Melee: Unarmed           |    78 |   191 |   294 |    70 ||   633
         Punch             |     4 |       |     1 |       ||     5
         Short sword       |    12 |     7 |     1 |       ||    20
  Throw: Dart              |       |     4 |       |       ||     4
         Boomerang         |       |     2 |       |       ||     2
   Cast: Ozocubu's Armour  |       |       |     7 |     2 ||     9
 Invoke: Convert to Beogh  |       |     1 |       |       ||     1
         Smiting           |       |       |       |     4 ||     4
Ability: Begin Untransform |       |     1 |     1 |       ||     2
  Evoke: Wand              |       |     1 |    13 |       ||    14
    Use: Potion            |     1 |       |     2 |       ||     3
         Scroll            |       |     5 |     8 |     1 ||    14
   Stab: Sleeping          |    11 |     3 |     1 |     1 ||    16
 Armour: Animal skin       |    24 |     3 |       |       ||    27
         Skin              |     8 |    46 |    57 |       ||   111
         Swamp dragon scal |       |       |    49 |    24 ||    73
  Dodge: Dodged            |    42 |   142 |   310 |    45 ||   539
  Block: Buckler           |       |       |    17 |    11 ||    28
   Form: Flux              |       |     2 |       |       ||     2
         Beast             |       |       |     1 |       ||     1

Table legend: (Time is in decaauts)
 A = Elapsed time spent in this place.
 B = Non-inter-level travel time spent in this place.
 C = Inter-level travel time spent in this place.
 D = Time resting spent in this place.
 E = Time spent auto-exploring this place.
 F = Levels seen in this place.
 G = Mean time per level.
                   A        B        C        D        E       F      G
               +--------+--------+--------+--------+--------+-----+--------+
         Total |   7523 |   7228 |    295 |   1845 |   3804 |   9 |  835.9 |
       Dungeon |   7523 |   7228 |    295 |   1845 |   3804 |   9 |  835.9 |
               +--------+--------+--------+--------+--------+-----+--------+

Top non-repeatable levels by time:
     D:6: 1458 daAuts
     D:2: 1077 daAuts
     D:4: 985 daAuts
     D:8: 979 daAuts
     D:7: 963 daAuts
     D:5: 913 daAuts
     D:1: 651 daAuts
     D:3: 250 daAuts
     D:9: 244 daAuts
